 Dungeon Crawl Stone Soup version 0.17.0-1-g61d176b (webtiles) character file.

73702 tp1 the Eclecticist (level 15, -1/80 HPs)
             Began as a Deep Elf Conjurer on Nov 7, 2015.
             Was the Champion of Vehumet.
             Killed from afar by a bog body (31 damage)
             ... with a bolt of cold
             ... on level 2 of the Swamp.
             The game lasted 04:01:40 (35426 turns).

tp1 the Eclecticist (Deep Elf Conjurer)            Turns: 35426, Time: 04:01:42

Health: -1/80      AC: 14    Str:  9    XL:     15   Next: 4%
Magic:  31/49      EV: 16    Int: 32    God:    Vehumet [******]
Gold:   644        SH: 12    Dex: 22    Spells: 13 memorised, 2 levels left

rFire  + + +     SeeInvis +     W - +7 dagger of Inflation {freeze, rPois Dex+4}
rCold  x . .     Clarity  +     a - +1 robe {rF+}
rNeg   . . .     SustAt   .     v - +2 shield
rPois  +         Gourm    .     u - +2 helmet
rElec  .         Spirit   .     J - +1 cloak
rCorr  .         Warding  .     E - +1 pair of gloves
rMut   .         Rnd*Tele +     x - +2 pair of boots
MR     +....                    (no amulet)
Stlth  +++.......               Z - ring "Tupsowki" {Fire MP+9 Int+3 Stlth+}
                                A - ring of the Two Names {rF+ Str+4 Dex+3 SInv}

@: about to teleport, delayed fireball, drained, somewhat resistant to hostile
enchantments, fairly stealthy
A: talons 1, rugged brown scales 1, berserk 1, clarity, clever 1, poison
resistance, teleportitis 1
a: Renounce Religion, Release Delayed Fireball


You were on level 2 of the Swamp.
You worshipped Vehumet.
Vehumet was exalted by your worship.
You were very hungry.

You visited 5 branches of the dungeon, and saw 26 of its levels.

You collected 2404 gold pieces.
You spent 1760 gold pieces at shops.

Inventory:

Hand Weapons
 k - a +0 dagger of protection
 w - the +9 dagger of Ytepp {drain, Stlth+}
   (You found it on level 3 of the Lair of Beasts)

   A truly terrible weapon, it drains the life of those it strikes.
   It makes you more stealthy.
 W - the +7 dagger of Inflation (weapon) {freeze, rPois Dex+4}
   (You found it on level 5 of the Lair of Beasts)

   It has been specially enchanted to freeze those struck by it, causing extra
   injury to most foes and up to half again as much damage against particularly
   susceptible opponents.
   It can also slow down cold-blooded creatures.
   It affects your dexterity (+4).
   It protects you from poison.
Armour
 a - a +1 robe of fire resistance (worn)
 g - the +0 robe of Objectivity {rPois Int+3}
   (You bought it in a shop on level 12 of the Dungeon)

   It affects your intelligence (+3).
   It protects you from poison.
 u - a +2 helmet (worn)
 v - a +2 shield (worn)
 x - a +2 pair of boots (worn)
 E - a +1 pair of gloves (worn)
 J - a +1 cloak (worn)
Jewellery
 m - an uncursed ring of protection from magic
 s - the ring of Robustness {AC+8}
   (You found it on level 2 of the Lair of Beasts)

   [ring of protection]

   It affects your AC (+8).
 A - the ring of the Two Names (left hand) {rF+ Str+4 Dex+3 SInv}
   (You found it on level 1 of the Swamp)

   [ring of see invisible]

   It affects your strength (+4).
   It affects your dexterity (+3).
   It protects you from fire.
   It lets you see invisible.
 T - an uncursed ring of protection from cold
 Z - the ring "Tupsowki" (right hand) {Fire MP+9 Int+3 Stlth+}
   (You bought it in a shop on level 10 of the Dungeon)

   [ring of fire]

   It enhances your fire magic, and weakens your ice magic.
   It affects your intelligence (+3).
   It protects you from fire.
   It makes you vulnerable to cold.
   It affects your magic capacity (+9).
   It makes you more stealthy.
Wands
 l - a wand of teleportation (5)
 r - a wand of digging (8)
 H - a wand of paralysis (13)
 R - a wand of fire (7)
Scrolls
 h - 8 scrolls of remove curse
 n - 3 scrolls of recharging
 B - 2 scrolls of magic mapping
 D - a scroll of identify
 G - 6 scrolls of enchant weapon
 I - a scroll of acquirement {unknown}
 K - a scroll of fog
 M - a scroll of torment
 O - 5 scrolls of immolation
Potions
 d - 3 potions of ambrosia
 i - a potion of magic
 j - 5 potions of brilliance
 p - 4 potions of lignification
 q - a potion of berserk rage
 z - 4 potions of cancellation
 F - 2 potions of resistance
 S - 2 potions of curing
 U - 2 potions of flight
 X - 3 potions of agility
 Y - a potion of might
Books
 b - a book of Conjurations

   Spells                             Type                      Level
   a - Magic Dart                     Conjuration                  1
   b - Searing Ray                    Conjuration                  2
   c - Dazzling Spray                 Conjuration/Hexes            3
   d - Fulminant Prism                Conjuration/Hexes            4
   e - Iskenderun's Mystic Blast      Conjuration                  4
   f - Iskenderun's Battlesphere      Conjuration/Charms           5
 e - a book of Fire

   Spells                             Type                      Level
   a - Ignite Poison                  Fire/Transmutation/Poison    3
   b - Fireball                       Conjuration/Fire             5
   c - Bolt of Fire                   Conjuration/Fire             6
   d - Delayed Fireball               Conjuration/Fire             7
   e - Ring of Flames                 Charms/Fire                  7
 C - a book of Party Tricks

   Spells                             Type                      Level
   a - Summon Butterflies             Summoning                    1
   b - Apportation                    Translocation                1
   c - Tukima's Dance                 Hexes                        3
   d - Alistair's Intoxication        Transmutation/Poison         4
   e - Invisibility                   Hexes                        6
 L - a book of Cantrips

   Spells                             Type                      Level
   a - Corona                         Hexes                        1
   b - Animate Skeleton               Necromancy                   1
   c - Summon Small Mammal            Summoning                    1
   d - Apportation                    Translocation                1
 N - a book of Air

   Spells                             Type                      Level
   a - Shock                          Conjuration/Air              1
   b - Swiftness                      Charms/Air                   2
   c - Repel Missiles                 Charms/Air                   2
   d - Static Discharge               Conjuration/Air              3
   e - Lightning Bolt                 Conjuration/Air              5
 V - a book of the Tempests

   Spells                             Type                      Level
   a - Static Discharge               Conjuration/Air              3
   b - Lightning Bolt                 Conjuration/Air              5
   c - Fireball                       Conjuration/Fire             5
   d - Tornado                        Air                          9
   e - Shatter                        Earth                        9
Comestibles
 c - 10 bread rations
 f - 13 meat rations
 o - 8 fruits
 t - 2 royal jellies
 P - 10 slices of pizza
 Q - 7 beef jerkies


   Skills:
 - Level 3.0(2.7) Fighting
 - Level 4.0(3.7) Armour
 - Level 6.4(6.0) Dodging
 - Level 2.4(2.1) Stealth
 - Level 6.1(5.8) Shields
 + Level 19.1(18.6) Spellcasting
 - Level 10.0(9.6) Conjurations
 - Level 8.1(7.8) Hexes
 - Level 10.0(9.7) Charms
 - Level 11.0(10.7) Fire Magic
 - Level 4.2(3.9) Ice Magic
 - Level 6.4(6.1) Air Magic
 - Level 8.7(8.4) Earth Magic


You had 2 spell levels left.
You knew the following spells:

 Your Spells              Type           Power        Failure   Level  Hunger
a - Magic Dart            Conj           ####         1%          1    None
b - Stone Arrow           Conj/Erth      ######       1%          3    None
c - Flame Tongue          Conj/Fire      #####        1%          1    None
d - Iskenderun's Battles  Conj/Chrm      ######..     1%          5    None
e - Searing Ray           Conj           ######       1%          2    None
f - Invisibility          Hex            ######..     30%         6    None
g - Lee's Rapid Deconstr  Erth           ######....   1%          5    None
h - Lightning Bolt        Conj/Air       ######....   1%          5    None
i - Freezing Cloud        Conj/Ice/Air   #####.....   13%         6    None
j - Fireball              Conj/Fire      #######...   1%          5    None
k - Delayed Fireball      Conj/Fire      N/A          21%         7    ###....
l - Tukima's Dance        Hex            ######..     1%          3    None
m - Bolt of Fire          Conj/Fire      #######...   3%          6    None


Dungeon Overview and Level Annotations

Branches:
Dungeon (13/15)            Temple (1/1) D:7            Lair (6/8) D:10
  Swamp (2/4) Lair:4          Orc (4/4) D:12            Elf (0/3) Orc:3
 Vaults (0/5) D:13
  Snake: Lair:3-6    Spider: Lair:3-6     Slime: Lair:6-8

Altars:
Ashenzari
Cheibriados
Dithmenos
Elyvilon
Fedhas
Gozag
Kikubaaqudgha
Makhleb
Nemelex Xobeh
Okawaru
Qazlal
Ru
Sif Muna
Trog
Vehumet
Xom
Yredelemnul
Zin
The Shining One
Beogh

Shops:
D:7 %?   D:10 =   D:12 [   Orc:1 %   Orc:3 (   Orc:4 (*:%(

Portals:
Pandemonium: Orc:4


Innate Abilities, Weirdness & Mutations

You have sharp toenails.
You are partially covered in rugged brown scales (AC +1, +3% HP).
You tend to lose your temper in combat.
You possess an exceptional clarity of mind.
Your mind is acute. (Int +2)
Your system is resistant to poisons.
You are occasionally teleported to nearby monsters.


Message History

You block the bog body's attack.
The bog body touches you but does no damage.
The spectral swamp dragon misses you.
The spectral swamp dragon claws you but does no damage.
The spectral swamp dragon tramples you.
You feel drained.
Casting: Iskenderun's Battlesphere
Confirm with . or Enter, or press ? or * to list all spells.
Aiming: Magic Dart
Press: ? - help, Shift-Dir - straight line, f/p - bog body
Aim: a bog body (spectral mist, lightly damaged)
Okay, then.
Read which item? (? for menu, Esc to quit)
As you read the scroll of teleportation, it crumbles to dust.
You feel strangely unstable.
You are engulfed in spectral mist.
Your battlesphere is engulfed in spectral mist. x2
The ghost crab breathes ghostly flame at you.
The spectral mist engulfs the spectral swamp dragon.
The bog body points at you and mumbles some strange words.
The bolt of cold hits you!
You feel a terrible chill!
You die...

♣≈. .n. ♣ ♣♣ ♣ ≈.≈≈ ♣{♣
.♣.♣ ♣♣♣. ..≈≈ ♣ ♣.♣♣♣≈.
♣.♣.♣.≈≈≈≈ . ♣≈
♣.♣≈.♣♣.♣ . ≈.≈≈≈ .
♣..♣♣.♣.♣†♣.♣♣♣.≈...≈≈
...♣.♣.♣♣..†..Z♣§♣≈.≈≈.≈
..♣.....♣.♣♣♣.♣§§§§...≈≈
.♣.♣♣♣*♣.♣.♣.♣♣♣@Z§§§t≈≈
..♣.♣*♣.♣.♣.♣.♣n♣§*§Z§≈≈
≈...*♣.♣.♣.♣.♣§♣.≈§..§§≈
...≈≈≈≈.≈.♣.♣≈♣♣.≈≈...♣♣
≈.≈.§....♣♣♣♣...≈≈≈.≈≈.♣
.≈♣.......♣ .....≈≈≈.≈.♣
≈♣♣≈..♣.<.♣§.. ♣≈..♣..≈y
♣♣≈...♣≈....≈≈ ♣♣♣♣♣≈.≈
♣§.[.♣.≈≈..≈≈ ..


You could see a ghost crab, a spectral giant leech, a spectral swamp dragon, a
spectral ghost moth, a bog body and a vampire mosquito.

Vanquished Creatures
  Frances (D:13)
  Maud (Lair:5)
  Azrael (Orc:4)
  A vault guard (D:13)
  2 centaur warriors (D:13)
  4 hydras
  2 alligators (Swamp:1)
  6 death yaks
  5 orc high priests (Orc:4)
  Sonja (D:11)
  Nergalle (D:11)
  2 orc knights (Orc:4)
  3 swamp dragons (Swamp:1)
  A shambling mangrove (Swamp:1)
  Pikel (D:9)
  3 ugly things
  A cyclops (Orc:2)
  A wolf spider zombie (D:11)
  2 hill giants
  2 griffons
  6 orc sorcerers
  A rust devil (Orc:4)
  An elephant (Lair:5)
  3 black mambas
  Joseph (D:9)
  13 spiny frogs
  11 komodo dragons
  A red devil (Orc:4)
  A fire drake (Lair:3)
  A troll (Orc:4)
  Grinder (D:6)
  4 giant leeches
  2 bog bodies (Swamp:1)
  15 blink frogs
  A trapdoor spider zombie (D:13)
  A ynoxinul (Orc:4)
  A hill giant zombie (D:12)
  A chaos spawn (Orc:4)
  A vampire (D:12)
  2 deep elf magi
  4 hippogriffs
  4 wyverns
  37 yaks
  3 fire elementals (Orc:4)
  15 vampire mosquitoes
  A warg (Orc:4)
  2 wraiths
  3 hungry ghosts (D:12)
  4 wolves (Lair:4)
  3 mottled dragons
  3 insubstantial wisps (Swamp:1)
  7 swamp worms (Swamp:1)
  6 sky beasts
  Duvessa (D:6)
  10 water moccasins
  A hell hound (Orc:4)
  4 swamp drakes (Swamp:1)
  4 wasps
  12 ice beasts
  5 porcupines
  12 orc warriors
  3 phantoms
  A necrophage (D:6)
  2 black bears
  11 ogres
  13 centaurs
  6 crocodiles
  Blork the orc (D:4)
  11 giant frogs
  12 big kobolds
  2 gnoll sergeants
  Dowan (D:6)
  7 scorpions
  19 killer bees
  2 troll zombies (D:12)
  7 wights
  2 quasits
  A jelly (D:6)
  7 crimson imps
  4 giant frog zombies
  10 hounds
  2 centaur zombies
  A gnoll shaman (D:6)
  24 orc priests
  23 orc wizards
  16 iguanas
  Natasha (thrice) (D:2)
  7 centaur skeletons
  12 worker ants
  7 sheep
  A killer bee zombie (D:10)
  5 ogre zombies (D:12)
  16 gnolls
  78 river rats
  19 adders
  3 shadow imps
  2 oozes
  An adder zombie (D:8)
  4 adder skeletons
  4 worms (D:4)
  8 giant geckos
  138 orcs
  3 ball pythons
  14 hobgoblins
  9 jackals
  71 kobolds
  6 quokkas
  4 bats
  4 giant cockroaches
  2 giant gecko skeletons
  7 giant newts
  10 goblins
  A goblin zombie (D:12)
  A hobgoblin skeleton (D:12)
  3 hobgoblin zombies (D:12)
  A jackal skeleton (D:4)
  2 jackal zombies
  3 orc skeletons (D:12)
  17 orc zombies (D:12)
  12 rats
  2 butterflies (Lair:5)
918 creatures vanquished.

Vanquished Creatures (collateral kills)
  A centaur warrior (D:13)
  Urug (Orc:3)
  2 infernal demonspawn (Orc:4)
  3 orc knights
  2 orc sorcerers
  A rust devil (Orc:4)
  13 orc warriors
  A crimson imp (D:13)
  An orc priest (Orc:4)
  4 orcs
29 creatures vanquished.

Vanquished Creatures (others)
  2 dancing weapons (Orc:4)
  An orc (D:5)
  9 fungi
  18 plants
30 creatures vanquished.

Grand Total: 977 creatures vanquished

Notes
Turn   | Place    | Note
--------------------------------------------------------------
     0 | D:1      | tp1 the Deep Elf Conjurer began the quest for the Orb.
     0 | D:1      | Reached XP level 1. HP: 10/10 MP: 6/6
   230 | D:1      | Reached XP level 2. HP: 15/15 MP: 1/8
   234 | D:1      | Learned a level 2 spell: Searing Ray
   301 | D:1      | Reached skill level 5 in Conjurations
  1153 | D:2      | Reached XP level 3. HP: 15/19 MP: 3/9
  1241 | D:2      | Noticed Natasha
  1246 | D:2      | Killed Natasha
  1246 | D:2      | Reached skill level 6 in Conjurations
  1358 | D:2      | Noticed Natasha
  1363 | D:2      | Killed Natasha
  1363 | D:2      | Reached XP level 4. HP: 24/24 MP: 7/11
  1489 | D:2      | Noticed Natasha
  1540 | D:2      | Killed Natasha
  2507 | D:3      | Reached skill level 5 in Spellcasting
  2507 | D:3      | Reached XP level 5. HP: 28/28 MP: 0/14
  2515 | D:3      | Learned a level 5 spell: Iskenderun's Battlesphere
  2637 | D:3      | Reached skill level 1 in Charms
  3746 | D:4      | Noticed Blork the orc
  4215 | D:4      | Reached XP level 6. HP: 32/32 MP: 10/15
  4353 | D:4      | Reached skill level 5 in Charms
  4533 | D:4      | Found a bloodstained altar of Trog.
  4584 | D:4      | Found an opulent altar of Gozag.
  4617 | D:4      | Killed Blork the orc
  4903 | D:4      | Found a shadowy altar of Dithmenos.
  5108 | D:4      | Found a bloodstained altar of Trog.
  5143 | D:4      | Found an opulent altar of Gozag.
  5241 | D:4      | Found a shadowy altar of Dithmenos.
  5411 | D:5      | Entered Level 5 of the Dungeon
  5653 | D:5      | Reached XP level 7. HP: 36/36 MP: 9/18
  5714 | D:5      | Reached skill level 7 in Charms
  6171 | D:5      | Found a sacrificial altar of Ru.
  6259 | D:5      | Found a glowing silver altar of Zin.
  6328 | D:5      | Found a blossoming altar of Fedhas.
  6449 | D:5      | Reached skill level 8 in Spellcasting
  6800 | D:5      | Found a glowing golden altar of the Shining One.
  7028 | D:5      | Reached skill level 9 in Spellcasting
  7090 | D:5      | Reached XP level 8. HP: 39/41 MP: 1/23
  8172 | D:5      | Found a sacrificial altar of Ru.
  8237 | D:5      | Found a glowing golden altar of the Shining One.
  8851 | D:5      | Found a blossoming altar of Fedhas.
  8902 | D:5      | Found a glowing silver altar of Zin.
  9386 | D:6      | Noticed Grinder
  9386 | D:6      | Paralysed by Grinder for 3 turns
  9391 | D:6      | Killed Grinder
  9391 | D:6      | Reached XP level 9. HP: 30/45 MP: 16/24
  9408 | D:6      | Reached skill level 10 in Charms
  9573 | D:6      | Noticed Dowan
  9601 | D:6      | Noticed Duvessa
  9610 | D:6      | Killed Duvessa
  9612 | D:6      | Killed Dowan
  9765 | D:6      | Reached skill level 10 in Spellcasting
  9768 | D:6      | Found an iron altar of Okawaru.
  9798 | D:6      | Found a glowing golden altar of the Shining One.
 10233 | D:6      | Reached skill level 11 in Spellcasting
 10531 | D:7      | Reached skill level 12 in Spellcasting
 10534 | D:7      | Found a staircase to the Ecumenical Temple.
 10543 | Temple   | Entered the Ecumenical Temple
 10821 | D:7      | Found Jagiog's Food Boutique.
 10946 | D:7      | Noticed a centaur skeleton
 10952 | D:7      | Killed a centaur skeleton
 10952 | D:7      | Reached skill level 13 in Spellcasting
 11346 | D:7      | Reached XP level 10. HP: 35/50 MP: 11/29
 11351 | D:7      | Found Kewarghat's Magic Scroll Emporium.
 11369 | D:7      | Bought a scroll of amnesia for 42 gold pieces
 11369 | D:7      | Bought a scroll of enchant armour for 90 gold pieces
 11369 | D:7      | Bought a scroll of enchant weapon for 90 gold pieces
 11513 | D:6      | Reached skill level 1 in Shields
 11776 | D:7      | Found a staircase to the Ecumenical Temple.
 11784 | D:7      | Found Jagiog's Food Boutique.
 11897 | D:7      | Found Kewarghat's Magic Scroll Emporium.
 12238 | D:6      | Found an iron altar of Okawaru.
 12720 | D:6      | Found a glowing golden altar of the Shining One.
 13323 | D:8      | Reached skill level 5 in Shields
 13409 | D:8      | Found a deep blue altar of Sif Muna.
 13550 | D:8      | Noticed a hill giant
 13618 | D:8      | Found a radiant altar of Vehumet.
 13630 | D:8      | Killed a hill giant
 13653 | D:8      | Became a worshipper of Vehumet
 13899 | D:8      | Found a radiant altar of Vehumet.
 13973 | D:8      | Reached skill level 10 in Conjurations
 14064 | D:8      | Found a deep blue altar of Sif Muna.
 14512 | D:9      | Reached skill level 5 in Dodging
 14719 | D:9      | Reached XP level 11. HP: 54/54 MP: 22/30
 14825 | D:9      | Noticed Joseph
 14833 | D:9      | Killed Joseph
 14855 | D:9      | Noticed Pikel
 14900 | D:9      | Found a shimmering altar of Xom.
 14900 | D:9      | Found a burning altar of Makhleb.
 14915 | D:9      | Reached skill level 1 in Fighting
 14985 | D:9      | Reached * piety under Vehumet
 14985 | D:9      | Offered knowledge of Flame Tongue by Vehumet.
 14988 | D:9      | Learned a level 1 spell: Flame Tongue
 15147 | D:9      | Killed Pikel
 15917 | D:9      | Found a burning altar of Makhleb.
 15918 | D:9      | Found a shimmering altar of Xom.
 16308 | D:10     | Entered Level 10 of the Dungeon
 16312 | D:10     | Reached skill level 1 in Armour
 16508 | D:10     | Found Vaufidan's Jewellery Shop.
 16516 | D:10     | Offered knowledge of Throw Frost by Vehumet.
 16518 | D:10     | Reached ** piety under Vehumet
 17256 | D:10     | Found a staircase to the Lair.
 17358 | Lair:1   | Entered Level 1 of the Lair of Beasts
 17526 | Lair:1   | Reached skill level 1 in Fire Magic
 18959 | Lair:2   | Reached skill level 5 in Fire Magic
 19127 | Lair:2   | Offered knowledge of Ignite Poison by Vehumet.
 19136 | Lair:2   | Got a warped mace
 19137 | Lair:2   | Identified the +6 mace "Wacau" {venom, Int+2} (You found it on level 2 of the Lair of Beasts)
 19629 | Lair:2   | Reached *** piety under Vehumet
 19636 | Lair:2   | Reached XP level 12. HP: 43/64 MP: 14/31
 20974 | Lair:2   | Offered knowledge of Stone Arrow by Vehumet.
 21092 | Lair:2   | Learned a level 3 spell: Stone Arrow
 21946 | Lair:3   | Reached skill level 10 in Fire Magic
 22054 | Lair:3   | Reached **** piety under Vehumet
 22124 | Lair:3   | Offered knowledge of Lee's Rapid Deconstruction by Vehumet.
 22734 | Lair:3   | Got a translucent dagger
 22735 | Lair:3   | Identified the +9 dagger of Ytepp {drain, Stlth+} (You found it on level 3 of the Lair of Beasts)
 23454 | Lair:4   | Reached skill level 14 in Spellcasting
 23854 | Lair:4   | Found a staircase to the Swamp.
 24179 | Lair:4   | Reached skill level 15 in Spellcasting
 24933 | Lair:5   | Noticed Maud
 24943 | Lair:5   | Killed Maud
 25116 | Lair:5   | Reached XP level 13. HP: 68/68 MP: 25/34
 25313 | Lair:5   | Reached skill level 16 in Spellcasting
 25395 | Lair:5   | Reached ***** piety under Vehumet
 25508 | Lair:5   | Learned a level 6 spell: Invisibility
 25514 | Lair:5   | Learned a level 5 spell: Lee's Rapid Deconstruction
 25520 | Lair:5   | Learned a level 5 spell: Lightning Bolt
 25559 | Lair:5   | Got a smoking dagger
 25560 | Lair:5   | Identified the +7 dagger of Inflation {freeze, rPois Dex+4} (You found it on level 5 of the Lair of Beasts)
 25565 | Lair:5   | Offered knowledge of Freezing Cloud by Vehumet.
 25574 | Lair:5   | Learned a level 6 spell: Freezing Cloud
 25596 | Lair:5   | Noticed a seven-headed hydra
 25601 | Lair:5   | Killed a seven-headed hydra
 25601 | Lair:5   | Reached skill level 1 in Air Magic
 26153 | Lair:5   | HP: 1/68 [death yak (6)]
 26174 | Lair:5   | Reached skill level 5 in Air Magic
 26179 | Lair:5   | Learned a level 2 spell: Repel Missiles
 26183 | Lair:5   | Learned a level 3 spell: Dazzling Spray
 26536 | Lair:4   | Found a staircase to the Swamp.
 27159 | D:10     | Bought the ring "Tupsowki" {Fire MP+9 Int+3 Stlth+} for 534 gold pieces
 27515 | D:11     | Noticed Sonja
 27525 | D:11     | Killed Sonja
 27826 | D:11     | Noticed Nergalle
 27853 | D:11     | Killed Nergalle
 28167 | D:11     | Reached skill level 5 in Hexes
 28388 | D:12     | Gained mutation: You have sharp toenails. [mutagenic meat]
 28389 | D:12     | Gained mutation: You expend magic power (3 MP) to strengthen your wands. [mutagenic meat]
 28390 | D:12     | Gained mutation: You are partially covered in rugged brown scales (AC +1, +3% HP). [mutagenic meat]
 28391 | D:12     | Gained mutation: You possess an exceptional clarity of mind. [mutagenic meat]
 28418 | D:12     | Lost mutation: You expend magic power (3 MP) to strengthen your wands. [mutagenic meat]
 28420 | D:12     | Gained mutation: You tend to lose your temper in combat. [mutagenic meat]
 28421 | D:12     | Gained mutation: You are occasionally teleported to nearby monsters. [mutagenic meat]
 28422 | D:12     | Gained mutation: Your system is resistant to poisons. [mutagenic meat]
 28423 | D:12     | Gained mutation: Your mind is acute. (Int +2) [mutagenic meat]
 28439 | D:12     | Found Jonoenk's Antique Armour Boutique.
 28551 | D:12     | Bought a wizard robe for 159 gold pieces
 28570 | D:12     | Identified the cursed +0 robe of Objectivity {rPois Int+3} (You bought it in a shop on level 12 of the Dungeon)
 28611 | D:12     | Reached skill level 1 in Ice Magic
 28691 | D:12     | Learned a level 3 spell: Tukima's Dance
 28692 | D:12     | Offered knowledge of Throw Icicle by Vehumet.
 28814 | D:12     | Found a staircase to the Orcish Mines.
 29393 | Orc:1    | Entered Level 1 of the Orcish Mines
 29394 | Orc:1    | Found Gehoiluw's Food Shop.
 29448 | Orc:1    | Reached skill level 1 in Earth Magic
 30082 | Orc:2    | Learned a level 5 spell: Fireball
 30091 | Orc:2    | Found a roughly hewn altar of Beogh.
 30418 | Orc:2    | Found a roughly hewn altar of Beogh.
 30490 | Orc:2    | Offered knowledge of Venom Bolt by Vehumet.
 30701 | Orc:3    | Noticed Urug
 30708 | Orc:3    | Killed Urug
 30729 | Orc:3    | Found a staircase to the Elven Halls.
 30738 | Orc:3    | Found a roughly hewn altar of Beogh.
 30747 | Orc:3    | Found Xitoym's Antique Weapon Boutique.
 30884 | Orc:4    | Entered Level 4 of the Orcish Mines
 30945 | Orc:4    | Found Qiareud's Antique Weapon Shoppe.
 31043 | Orc:4    | Reached XP level 14. HP: 73/76 MP: 36/36
 31080 | Orc:4    | Found Tobavaem's General Store.
 31203 | Orc:4    | Found Ficwasei's Food Shoppe.
 31323 | Orc:4    | Reached skill level 5 in Earth Magic
 31826 | Orc:4    | Offered knowledge of Bolt of Draining by Vehumet.
 31914 | Orc:4    | Noticed Azrael
 31927 | Orc:4    | Killed Azrael
 32065 | Orc:4    | Found Jyujappykke's Antique Weapon Boutique.
 32065 | Orc:4    | Found Zekytor's Book Shop.
 32065 | Orc:4    | Found a one-way gate leading to the halls of Pandemonium.
 32069 | Orc:4    | Bought a book of Fire for 845 gold pieces
 32307 | Orc:4    | Found Ficwasei's Food Shoppe.
 32308 | Orc:4    | Found Tobavaem's General Store.
 32454 | Orc:4    | Found Qiareud's Antique Weapon Shoppe.
 32560 | Orc:4    | Found Zekytor's Book Shop.
 32560 | Orc:4    | Found Jyujappykke's Antique Weapon Boutique.
 32560 | Orc:4    | Found a one-way gate leading to the halls of Pandemonium.
 33152 | D:13     | Noticed Frances
 33160 | D:13     | Killed Frances
 33174 | D:13     | Reached skill level 17 in Spellcasting
 33863 | D:13     | Found a gate to the Vaults.
 33916 | D:12     | Found Jonoenk's Antique Armour Boutique.
 34164 | Swamp:1  | Entered Level 1 of the Swamp
 34357 | Swamp:1  | Reached skill level 18 in Spellcasting
 34608 | Swamp:1  | Reached ****** piety under Vehumet
 34660 | Swamp:1  | Offered knowledge of Poisonous Cloud by Vehumet.
 34669 | Swamp:1  | Learned a level 7 spell: Delayed Fireball
 34983 | Swamp:1  | Got a sparkling glass ring
 34985 | Swamp:1  | Identified the ring of the Two Names {rF+ Str+4 Dex+3 SInv} (You found it on level 1 of the Swamp)
 35104 | Swamp:1  | Reached XP level 15. HP: 72/80 MP: 22/39
 35113 | Swamp:1  | Learned a level 6 spell: Bolt of Fire
 35374 | Swamp:2  | Reached skill level 19 in Spellcasting
 35426 | Swamp:2  | Killed from afar by a bog body

Action                   |  1- 3 |  4- 6 |  7- 9 | 10-12 | 13-15 || total
-------------------------+-------+-------+-------+-------+-------++-------
Melee: Short sword       |     2 |     9 |     3 |       |       ||    14
       Dagger            |       |       |       |     9 |     1 ||    10
 Cast: Magic Dart        |    47 |   110 |   248 |   662 |   741 ||  1808
       Searing Ray       |     3 |    27 |     5 |    12 |       ||    47
       Iskenderun's Batt |       |     5 |    53 |   138 |   142 ||   338
       Stone Arrow       |       |       |       |    15 |    81 ||    96
       Flame Tongue      |       |       |       |     3 |     4 ||     7
       Lightning Bolt    |       |       |       |       |    10 ||    10
       Tukima's Dance    |       |       |       |       |    25 ||    25
       Repel Missiles    |       |       |       |       |     1 ||     1
       Fireball          |       |       |       |       |     6 ||     6
       Freezing Cloud    |       |       |       |       |     2 ||     2
       Lee's Rapid Decon |       |       |       |       |     2 ||     2
       Delayed Fireball  |       |       |       |       |     1 ||     1
       Invisibility      |       |       |       |       |     1 ||     1
 Abil: Evoke Flight      |       |       |       |     2 |       ||     2
Evoke: Wand              |       |       |       |       |     2 ||     2
  Use: Potion            |       |       |     8 |     3 |     8 ||    19
       Scroll            |       |       |    10 |    14 |    13 ||    37
 Stab: Sleeping          |       |     1 |       |       |       ||     1
  Eat: Chunk             |     1 |    15 |    21 |    42 |    33 ||   112
       Bread ration      |       |       |     1 |     1 |     1 ||     3
       Beef jerky        |       |       |     1 |     3 |       ||     4
       Fruit             |       |       |     1 |     1 |     4 ||     6
